 Dungeon Crawl Stone Soup version 0.32-a0-18-g89e19f1974 (webtiles) character file.

Game seed: 9530976928636217059

137 Implojin the Sneak (level 5, -1/30 HPs)
             Began as a Kobold Enchanter on Jan 16, 2024.
             Shot with an arrow by a centaur (11 damage)
             ... on level 4 of the Dungeon.
             The game lasted 00:05:01 (2497 turns).

Implojin the Sneak (Kobold Enchanter)               Turns: 2497, Time: 00:05:02

Health: -1/30      AC:  5    Str: 13    XL:     5   Next: 44%
Magic:  8/8        EV: 13    Int: 16    God:
Gold:   177        SH:  0    Dex: 16    Spells: 2/8 levels left

rFire   . . .        a - +1 dagger
rCold   . . .        (no shield)
rNeg    . . .        h - +0 ring mail
rPois   .            (no helmet)
rElec   .            (no cloak)
rCorr   .            (no gloves)
SInv    .            (no boots)
Will    .....        (no amulet)
Stlth   ++++         p - +6 ring of strength
HPRegen 0.25/turn    m - ring of wizardry
MPRegen 0.11/turn

%: wizardry (x1)
@: no status effects
A: small, no large weapons, nightstalker 3
a: no special abilities


You were on level 4 of the Dungeon.
You visited 1 branch of the dungeon, and saw 4 of its levels.

You collected 177 gold pieces.

Inventory:

Hand Weapons
 a - a +1 dagger (weapon)
 o - a +0 short sword
Missiles
 e - 2 atropa-tipped darts (quivered)
 q - 3 boomerangs
Armour
 b - a +0 robe
 h - a +0 ring mail (worn)
 t - a +0 chain mail
Jewellery
 m - a ring of wizardry (right hand)
 n - a ring of magical power
 p - a +6 ring of strength (left hand)
Scrolls
 d - a scroll of summoning {unknown}
 k - a scroll of brand weapon {unknown}
 l - a scroll of blinking {unknown}
 r - a scroll of identify {unknown}
 s - a scroll of fog {unknown}
 u - a scroll of teleportation {unknown}
 v - a scroll of fear {unknown}
 w - a scroll of vulnerability {unknown}
Potions
 c - 2 potions of invisibility
 f - 2 potions of ambrosia {unknown}
 g - 4 potions of curing {unknown}
 i - a potion of magic {unknown}
 j - a potion of haste {unknown}


   Skills:
 - Level 2.0 Fighting
 * Level 4.2 Short Blades
 - Level 2.4 Dodging
 - Level 6.0 Stealth
 - Level 2.1 Spellcasting
 - Level 3.0 Hexes


You had 2 spell levels left.
You knew the following spells:

 Your Spells              Type           Power      Damage    Failure   Level
a - Tukima's Dance        Hex            11%        N/A       16%         3
b - Dazzling Flash        Conj/Hex       12%        N/A       28%         3

Your spell library contained the following spells:

 Spells                   Type           Power      Damage    Failure   Level
 Ensorcelled Hibernation  Hex/Ice        12%        N/A       16%         2
 Confusing Touch          Hex            11%        N/A       16%         3


Dungeon Overview and Level Annotations

Branches:
Dungeon (4/15)
 Temple: D:4-7

Altars:
Cheibriados
Qazlal
Ru
Yredelemnul


Innate Abilities, Weirdness & Mutations

You are small and have problems with some larger weapons.
You are completely attuned to the shadows.


Message History

You climb downwards.
There is a stone staircase leading up here.
Unknown command.
A hound comes into view.
A hound is nearby!
A hound is nearby!
Okay, then.
Found 3 atropa-tipped darts.
A centaur comes into view.
Danger: centaur |T2| Reason: OOD monster, careful!
The helpless hound fails to defend itself.
You impale the hound!!
You kill the hound!
Training target 6.0 for Stealth reached!
Your Stealth skill increases to level 6!
You need to enable at least one skill for training.
Unknown command.
Throw: 4 darts (atropa)
Press: ? - help, Q - select action, (/) - cycle Shift-Dir - straight line, f - centaur
Aim: a centaur (wandering, hasn't noticed you, 69% to hit, chance to blind on hit: 75%)
Okay, then.
The centaur wields a +0 orcbow.
The centaur shoots an arrow.
The arrow barely misses you.
The centaur shoots an arrow.
The arrow hits you!
The centaur shoots an arrow.
The arrow hits you!
Danger: Low HP Warning |T3| Reason: 30% HP (9/30) Throw: 4 darts (atropa)
Press: ? - help, Q - select action, (/) - cycle Shift-Dir - straight line, f - centaur
Aim: a centaur, wielding a +0 orcbow (69% to hit, chance to blind on hit: 75%)
You throw an atropa-tipped dart.
The atropa-tipped dart barely misses the centaur.
Unknown command.
Throw: 3 darts (atropa)
Press: ? - help, Q - select action, (/) - cycle Shift-Dir - straight line, f/p - centaur
Aim: a centaur, wielding a +0 orcbow (69% to hit, chance to blind on hit: 75%)
You throw an atropa-tipped dart.
The atropa-tipped dart hits the centaur.
The centaur resists.
The centaur shoots an arrow.
The arrow hits you!
You die...

###
..##.###############
..(...............<#
≈≈.≈≈≈@.############
.....≈.## §.≈≈.≈c#
...≈.≈(# .≈.≈.#


You could see a centaur.

Vanquished Creatures
  A hound (D:4)
  An iguana (D:3)
  2 adders
  2 dart slugs (D:3)
  2 ribbon worms (D:2)
  An orc (D:2)
  2 bat zombies (D:2)
  9 endoplasms
  4 giant cockroaches
  4 hobgoblins
  4 quokkas
  4 ball pythons
  A ball python zombie (D:2)
  6 bats
  A frilled lizard (D:1)
  4 goblins
  A jackal zombie (D:2)
  3 kobolds (D:2)
52 creatures vanquished.

Notes
Turn   | Place    | Note
-------+----------+-------------------------------------------
     0 | D:1      | Implojin the Kobold Enchanter began the quest for the Orb.
     0 | D:1      | Reached XP level 1. HP: 10/10 MP: 3/3
   342 | D:1      | Reached XP level 2. HP: 15/15 MP: 5/5
   933 | D:2      | Reached XP level 3. HP: 19/19 MP: 6/6
  1133 | D:2      | Found a sacrificial altar of Ru.
  1261 | D:2      | Reached skill level 1 in Fighting
  1319 | D:2      | Learned a level 3 spell: Tukima's Dance
  1323 | D:2      | Learned a level 3 spell: Dazzling Flash
  1524 | D:2      | Reached XP level 4. HP: 26/26 MP: 7/7
  2036 | D:3      | Found a basalt altar of Yredelemnul.
  2071 | D:3      | Reached skill level 5 in Stealth
  2341 | D:3      | Reached XP level 5. HP: 27/30 MP: 8/8
  2413 | D:3      | Found a stormy altar of Qazlal.
  2432 | D:3      | Found a snail-covered altar of Cheibriados.
  2492 | D:4      | Noticed a centaur
  2494 | D:4      | Reached skill level 6 in Stealth
  2497 | D:4      | Shot with an arrow by a centaur

Illustrated notes

Levels and vault maps discovered:
D:1:      ncdulo_halloftheorcs, layout_basic, hex_tiny, chequers_avenue,
          hex_intersection
D:2:      layout_basic, serial_undead, serial_undead_b, serial_undead_a,
          serial_undead_a, serial_undead_f, basic_altar
D:3:      layout_rooms, mainiacjoe_overflow_six_doors_small,
          mainiacjoe_overflow_brackets, lemuel_tele_altar, minmay_quantized
D:4:      layout_basic, elyvilon_altar_5, evilmike_ruin_ashenzari,
          mainiacjoe_overflow_concentric_impassable,
          minmay_temple_entry_overgrown, biasface_ghost_orc_armoury

Skill      XL: |  1  2  3  4  5 |
---------------+----------------+-----
Short Blades   | 2 3 4 |  4.2
Fighting       | 1 2 |  2.0
Stealth        | 5 6 |  6.0
Dodging        | |  2.4
Spellcasting   | |  2.1
Hexes          | |  3.0

Action                     |  1- 3 |  4- 6 || total
---------------------------+-------+-------++-------
  Melee: Dagger            |   107 |    38 ||   145
  Throw: Dart              |       |     2 ||     2
   Stab: Sleeping          |    17 |     8 ||    25
 Armour: Robe              |     4 |       ||     4
         Ring mail         |    43 |    14 ||    57
  Dodge: Dodged            |    63 |    15 ||    78

Table legend: (Time is in decaauts)
 A = Elapsed time spent in this place.
 B = Non-inter-level travel time spent in this place.
 C = Inter-level travel time spent in this place.
 D = Time resting spent in this place.
 E = Time spent auto-exploring this place.
 F = Levels seen in this place.
 G = Mean time per level.
                   A        B        C        D        E       F      G
               +--------+--------+--------+--------+--------+-----+--------+
         Total |   2466 |   2387 |     79 |      0 |   1882 |   4 |  616.5 |
       Dungeon |   2466 |   2387 |     79 |      0 |   1882 |   4 |  616.5 |
               +--------+--------+--------+--------+--------+-----+--------+

Top non-repeatable levels by time:
     D:2: 920 daAuts
     D:1: 794 daAuts
     D:3: 733 daAuts
     D:4: 18 daAuts
